 Dungeon Crawl Stone Soup version 0.31-a0-276-ge00219d475 (webtiles) character file.

Game seed: 8902347562403270458

1302 AIAndy the Mimic (level 8, 0/21 HPs)
             Began as a Troll Shapeshifter on July 15, 2023.
             Slain by Grinder (6 damage)
             ... on level 6 of the Dungeon.
             The game lasted 00:18:00 (3609 turns).

AIAndy the Mimic (Troll Shapeshifter)               Turns: 3609, Time: 00:18:00

Health: 0/21       AC: 13    Str: 26    XL:     8   Next: 31%
Magic:  7/7        EV: 18    Int: 10    God:
Gold:   248        SH:  5    Dex: 10    Spells: 7/7 levels left

rFire   . .          .
                       - Unarmed
rCold   . . .        (shield currently unavailable)
rNeg    . . .        a - melded +0 animal skin
rPois   ∞            (helmet currently unavailable)
rElec   +            (cloak currently unavailable)
rCorr   .            (gloves unavailable)
SInv    +            (boots unavailable)
Will    .....        y - amulet of reflection
Stlth   +            v - ring of see invisible
HPRegen 1.03/turn    I - +6 ring of intelligence
MPRegen 0.10/turn

%: reflection
@: storm-form, blinkbolt cooldown, flying
A: cleaving, insubstantial, flying, reduced hp, large, unfitting armour, (claws
3), regeneration 1, (shaggy fur 1), (tough skin 1)
a: Blinkbolt, Begin Untransformation


You were on level 6 of the Dungeon.
You were a lightning-filled tempest!
You visited 1 branch of the dungeon, and saw 6 of its levels.

You collected 248 gold pieces.


Innate Abilities, Weirdness & Mutations

You are a lightning-filled tempest!
Your electrical attacks strike out in all directions at once.
You are incredibly evasive.
Your insubstantial body is immune to petrification, constriction, and being set on fire You are flying.
Your maximum health is decreased, since you lack skill for your form.
Your armour is entirely melded.
You are incapable of wielding weapons or throwing items.
You are too large for most types of armour.
You are immune to poison.
((You have claws for hands.))
Your natural rate of healing is unusually fast.
((You are covered in fur. (AC +1)))
((You have tough skin. (AC +1)))


   Skills:
 - Level 1.5 Fighting
 - Level 1.5 Dodging
 - Level 2.6 Unarmed Combat
 + Level 9.0 Shapeshifting


You had 7 spell levels left.
You didn't know any spells.
Your spell library contained the following spells:

 Spells                   Type           Power      Damage    Failure   Level
 Magic Dart               Conj           0%         1d3       36%         1
 Call Imp                 Summ           0%         N/A       50%         2
 Lesser Beckoning         Tloc           0%         N/A       50%         2
 Gell's Gravitas          Tloc           0%         N/A       75%         3
 Ignite Poison            Fire/Tmut/Pois 0%         N/A       75%         3
 Mephitic Cloud           Conj/Pois/Air  0%         N/A       75%         3
 Teleport Other           Tloc           0%         N/A       75%         3
 Sticky Flame             Conj/Fire      0%         2d3       98%         4
 Ignition                 Fire           0%         3d3       100%        8

Inventory:

Hand Weapons
 k - the +2 spear "Vannetel" {antimagic, rPois Dex+2}
   (You found it on level 2 of the Dungeon)

   Dex:       It affects your dexterity (+2).
   rPois:     It protects you from poison.
Armour
 a - a +0 animal skin (melded)
 p - a +0 cloak
Jewellery
 u - a ring of willpower
 v - a ring of see invisible (left fist)
 y - an amulet of reflection (around neck)
 I - a +6 ring of intelligence (right fist)
 W - a ring of magical power
Talismans
 c - a beast talisman
 f - a storm talisman
 i - a blade talisman
Wands
 l - a wand of iceblast (2)
Scrolls
 e - a scroll of enchant weapon
 m - a scroll of vulnerability {!r}
 n - a scroll of teleportation {@r4}
 r - 2 scrolls of fog
Potions
 b - a potion of lignification {!q}
 d - 2 potions of enlightenment
 g - 3 potions of ambrosia
 h - 4 potions of curing {@q1}
 j - a potion of resistance {unknown}
 q - a potion of cancellation {unknown}
 s - a potion of mutation {unknown}
 t - 2 potions of invisibility
 x - a potion of haste {unknown}

Dungeon Overview and Level Annotations

Branches:
Dungeon (6/15)             Temple (0/1) D:4

Altars:
Vehumet

Shops:
D:4 (   D:5 :(=

Annotations:
D:6 Grinder

▒.▒ ▒▒▒▒▒▒▒.▒
▒.▒ ▒.......▒
▒.▒ ▒.▒▒▒▒▒▒▒
▒.▒ ▒.▒ ▒..
▒.▒ ▒.▒ ▒.▒
▒.▒ ▒.▒ ▒.▒
▒▒▒▒▒▒.▒▒▒
▒.▒▒▒.▒▒▒▒▒▒#
.........▒
▒.....5......
.......▒.▒
▒▒▒▒▒v▒▒▒▒▒▒
....▒▒▒▒.▒
▒.▒ ▒▒▒.▒ ▒
▒.▒ ▒ ▒.▒ ▒.▓
▒ ▒.▒ ▒.▓ ▒
▒.. ▒$▓ ▒ ▒▒▒
▒.▓ ..▓ ▒▒▓


You could see Grinder.


Message History

a +0 dagger; a +0 robe; an orc corpse
Things that are here:
a +0 trident; an orc corpse You see here a +0 halberd.
You see here a +0 halberd.
Things that are here:
a +0 trident; an orc corpse You hear the rusting of a drain very nearby.
Grinder comes into view.
Found 16 gold pieces.
Grinder shouts!
Grinder says, "You look like you could use a good racking."
Use which ability? (? or * to list)
Aiming: Blinkbolt
Press: ? - help, Dir - move target, f - Grinder
Aim: Grinder (90% to hit)
The shock of your passage hits Grinder!!
Grinder is severely wounded.
You blink.
Grinder blinks!
Grinder blinks!
Grinder gestures at you. Pain shoots through your body!
Ouch! That really hurt!
* * * LOW HITPOINT WARNING * * *
You closely miss Grinder.
Grinder is severely wounded.
Grinder hits you.
* * * LOW HITPOINT WARNING * * *
You writhe in agony.
You die...

Skill      XL: |  1  2  3  4  5  6  7  8 |
---------------+-------------------------+-----
Shapeshifting  | 4 5 6 8 9 |  9.0
Fighting       | |  1.5
Dodging        | |  1.5
Unarmed Combat | |  2.6

Action                     |  1- 3 |  4- 6 |  7- 9 || total
---------------------------+-------+-------+-------++-------
  Melee: Unarmed           |    56 |    91 |    63 ||   210
         Punch             |       |     1 |       ||     1
Ability: Blinkbolt         |     8 |     5 |     9 ||    22
  Evoke: Wand              |       |     4 |       ||     4
    Use: Scroll            |       |     5 |     7 ||    12
 Armour: Animal skin       |    18 |       |       ||    18
         Skin              |     2 |    33 |    13 ||    48
  Dodge: Dodged            |    33 |    50 |    30 ||   113
  Block: Other             |       |       |     7 ||     7
   Form: Storm             |     1 |       |       ||     1

Levels and vault maps discovered:
D:1:      spicycebolla_green_bress_n_ham_2, layout_basic
D:2:      layout_basic, hellmonk_ecumenical_altar_slurped_away
D:3:      layout_loops_corners
D:4:      layout_loops_ring, minmay_temple_entry_trees, serial_shops,
          nicolae_shop_bloodbath_and_beyond, minmay_misc_feat_hallway,
          uniq_robin, uniq_sigmund
D:5:      layout_loops_cross, kennysheep_little_box, nicolae_wooded_promenade
D:6:      layout_loops_ring, trog_butcher_becter, grunt_temple_overflow_diamond,
          lightli_sewer_entry_pipes, minivault_19, lightli_corner_chamber,
          uniq_grinder, uniq_eustachio, uniq_edmund

Notes
Turn   | Place    | Note
-------+----------+-------------------------------------------
     0 | D:1      | AIAndy the Troll Shapeshifter began the quest for the Orb.
     0 | D:1      | Reached XP level 1. HP: 19/19 MP: 0/0
   143 | D:1      | Reached XP level 2. HP: 27/27 MP: 1/1
   658 | D:2      | Reached XP level 3. HP: 9/33 MP: 2/2
   681 | D:2      | Identified the +2 spear "Vannetel" {antimagic, rPois Dex+2}
   720 | D:2      | Reached skill level 4 in Shapeshifting
   835 | D:2      | Reached XP level 4. HP: 12/41 MP: 3/3
   942 | D:2      | Found a faded altar of an unknown god.
  2101 | D:4      | Noticed an ogre
  2102 | D:4      | Killed an ogre
  2103 | D:4      | Reached skill level 5 in Shapeshifting
  2103 | D:4      | Reached XP level 5. HP: 14/48 MP: 4/4
  2125 | D:4      | Found Kajont's Weapon Emporium.
  2179 | D:4      | Reached XP level 6. HP: 12/55 MP: 5/5
  2188 | D:4      | Noticed Sigmund
  2192 | D:4      | Killed Sigmund
  2193 | D:4      | Reached skill level 6 in Shapeshifting
  2296 | D:4      | Found a staircase to the Ecumenical Temple.
  2398 | D:4      | Noticed Robin
  2402 | D:4      | Reached XP level 7. HP: 14/62 MP: 6/6
  2404 | D:4      | Killed Robin
  2462 | D:4      | Reached skill level 7 in Shapeshifting
  2769 | D:5      | Entered Level 5 of the Dungeon
  2861 | D:5      | Found Boenaun's Jewellery Shoppe.
  2866 | D:5      | Found Ogoih's Weapon Emporium.
  2868 | D:5      | Found Gaucoxt's Book Shoppe.
  3256 | D:5      | Found a radiant altar of Vehumet.
  3418 | D:6      | Reached skill level 8 in Shapeshifting
  3488 | D:6      | Reached XP level 8. HP: 21/70 MP: 7/7
  3574 | D:6      | Reached skill level 9 in Shapeshifting
  3603 | D:6      | Noticed Grinder
  3609 | D:6      | Slain by Grinder

Vanquished Creatures
  Sigmund (D:4)
  An orc warrior (D:6)
  A black bear (D:5)
  A centaur (D:5)
  2 ogres
  A kobold brigand (D:6)
  2 scorpions (D:4)
  A howler monkey (D:5)
  2 orc priests (D:6)
  A jelly (D:4)
  A hound (D:4)
  An iguana (D:5)
  4 orc wizards (D:6)
  Robin (D:4)
  3 gnolls (D:6)
  8 adders
  A white imp (D:5)
  A worm (D:3)
  2 dart slugs
  12 orcs
  6 bats
  12 endoplasms
  2 giant cockroaches
  13 goblins
  9 hobgoblins
  9 jackals (D:1)
  12 kobolds
  6 quokkas
  6 ball pythons
  2 frilled lizards (D:1)
  A rat (D:2)
125 creatures vanquished.

Table legend: (Time is in decaauts)
 A = Elapsed time spent in this place.
 B = Non-inter-level travel time spent in this place.
 C = Inter-level travel time spent in this place.
 D = Time resting spent in this place.
 E = Time spent auto-exploring this place.
 F = Levels seen in this place.
 G = Mean time per level.
                   A        B        C        D        E       F      G
               +--------+--------+--------+--------+--------+-----+--------+
         Total |   3595 |   3488 |    107 |      0 |   2728 |   6 |  599.2 |
       Dungeon |   3595 |   3488 |    107 |      0 |   2728 |   6 |  599.2 |
               +--------+--------+--------+--------+--------+-----+--------+

Top non-repeatable levels by time:
     D:3: 866 daAuts
     D:4: 680 daAuts
     D:1: 648 daAuts
     D:5: 601 daAuts
     D:2: 578 daAuts
     D:6: 221 daAuts

Table legend:
 A = Non-vault XP
 B = Vault XP
 C = Vault XP percentage of total XP
 D = Non-vault monster count
 E = Vault monster count
 F = Vault count percentage of total count
                 A         B        C        D         E       F
            +---------+---------+-------+---------+---------+-------
      Total |    1591 |     269 |  14.5 |     111 |      14 |  11.2
            +---------+---------+-------+---------+---------+-------
        D:1 |      33 |       0 |   0.0 |      18 |       0 |   0.0
        D:2 |      71 |       2 |   2.7 |      14 |       1 |   6.7
        D:3 |      82 |       0 |   0.0 |      24 |       0 |   0.0
        D:4 |     398 |     267 |  40.2 |      18 |      13 |  41.9
        D:5 |     366 |       0 |   0.0 |      12 |       0 |   0.0
        D:6 |     641 |       0 |   0.0 |      25 |       0 |   0.0
            +---------+---------+-------+---------+---------+-------
